Map: Undercurrent LE

Players

macknilson

  • Race: Protoss Protoss
  • Spawn Location: 1:00

Light

  • Race: Protoss Protoss
  • Spawn Location: 3:00

Alexandre - Winner!

  • Race: Terran Terran
  • Spawn Location: 7:00

cute - Winner!

  • Race: Protoss Protoss
  • Spawn Location: 7:00

VOD

Have the link to the VOD?

Description

Time

  • Played on: Sept. 15, 2026, 12:58 p.m.
  • Length: 23:12
Show
View Real Time Build Order
Export as new Build Order

macknilson Protoss 

Build Orders:  

Get SALT Encoding   

  8  0:18  Probe (Chrono Boost)  
  9  0:27  Probe (Chrono Boost)  
  10  0:31  Pylon  
  10  0:32  Probe (Chrono Boost)  
  11  0:44  Probe  
  12  0:57  Forge  
  12  1:01  Probe (Chrono Boost)  
  14  1:13  Probe (Chrono Boost)  
  14  1:18  Probe (Chrono Boost)  
  15  1:27  Probe  
  15  1:39  Probe  
  16  1:51  Probe  
  17  1:55  Pylon  
  17  2:04  Probe  
  17  2:08  Pylon  
  18  2:10  Pylon  
  18  2:16  Probe  
  18  2:24  Photon Cannon  
  18  2:27  Photon Cannon  
  18  2:32  Probe  
  19  2:42  Photon Cannon  
  19  3:26  Nexus  
  18  3:33  Gateway  
  18  3:47  Probe (Chrono Boost)  
  18  3:52  Gateway  
  18  3:57  Pylon, Probe (Chrono Boost)  
  18  4:02  Probe (Chrono Boost)  
  20  4:14  Probe (Chrono Boost)  
  21  4:19  Pylon  
  21  4:23  Probe (Chrono Boost)  
  22  4:25  Cybernetics Core  
  22  4:28  Probe (Chrono Boost)  
  23  4:31  Photon Cannon  
  23  4:40  Probe (Chrono Boost)  
  24  4:52  Probe (Chrono Boost), Assimilator  
  26  4:56  Probe x2 (Chrono Boost), Assimilator  
  27  5:04  Probe  
  27  5:06  Probe  
  29  5:08  Shield Battery  
  29  5:10  Shield Battery  
  29  5:15  Photon Cannon  
  29  5:18  Probe (Chrono Boost)  
  29  5:20  Probe (Chrono Boost)  
  31  5:22  Pylon  
  31  5:26  Assimilator  
  32  5:29  Probe (Chrono Boost)  
  32  5:30  Assimilator  
  32  5:33  Probe (Chrono Boost)  
  32  5:34  Probe (Chrono Boost)  
  34  5:44  Probe  
  34  5:45  Probe  
  36  5:56  Probe, Robotics Facility  
  37  5:58  Probe  
  37  5:59  Warp Gate  
  38  6:10  Probe x2 (Chrono Boost)  
  40  6:22  Probe (Chrono Boost), Pylon  
  40  6:25  Probe (Chrono Boost)  
  42  6:27  Probe (Chrono Boost)  
  43  6:33  Nexus  
  43  6:36  Probe  
  43  6:37  Stalker x2  
  48  6:42  Pylon  
  48  6:43  Pylon  
  48  6:45  Observer  
  49  6:48  Probe  
  50  6:59  Pylon  
  50  7:03  Stargate x2  
  50  7:20  Nexus  
  50  7:22  Pylon  
  50  7:24  Probe (Chrono Boost)  
  51  7:34  Probe (Chrono Boost)  
  51  7:35  Probe (Chrono Boost)  
  53  7:42  Probe (Chrono Boost)  
  53  7:43  Cybernetics Core, Probe (Chrono Boost)  
  55  7:45  Twilight Council  
  55  7:47  Probe (Chrono Boost)  
  55  7:49  Fleet Beacon  
  56  7:53  Stargate  
  56  7:57  Probe  
  57  7:59  Probe  
  57  8:02  Phoenix  
  60  8:07  Pylon  
  60  8:09  Probe  
  60  8:11  Probe  
  62  8:13  Assimilator  
  62  8:17  Assimilator  
  46  8:46  Phoenix (Chrono Boost)  
  52  8:52  Assimilator, Phoenix (Chrono Boost)  
  52  8:54  Probe  
  53  8:56  Phoenix (Chrono Boost), Assimilator  
  53  9:05  Protoss Air Weapons Level 1  
  53  9:08  Phoenix (Chrono Boost)  
  55  9:15  Phoenix  
  57  9:22  Probe  
  58  9:31  Dark Shrine  
  58  9:35  Probe (Chrono Boost)  
  60  9:40  Probe (Chrono Boost)  
  60  9:44  Probe (Chrono Boost)  
  62  9:45  Probe (Chrono Boost)  
  62  9:51  Protoss Air Armor Level 1  
  62  9:52  Probe x2 (Chrono Boost)  
  65  9:55  Probe (Chrono Boost)  
  65  9:59  Probe (Chrono Boost)  
  66  10:02  Probe x2 (Chrono Boost)  
  66  10:05  Probe  
  69  10:12  Tempest  
  69  10:14  Tempest  
  77  10:35  Nexus  
  77  10:37  Pylon  
  77  10:38  Pylon  
  77  10:41  Robotics Bay  
  77  10:49  Protoss Shields Level 1  
  77  10:58  Gateway  
  77  10:59  Gateway  
  77  11:02  Gateway  
  77  11:07  Probe (Chrono Boost)  
  77  11:08  Forge  
  78  11:13  Charge  
  78  11:15  Dark Templar  
  78  11:18  Probe (Chrono Boost)  
  81  11:22  Probe (Chrono Boost)  
  81  11:24  Probe (Chrono Boost)  
  83  11:30  Flux Vanes  
  83  11:32  Phoenix  
  85  11:33  Probe  
  85  11:36  Unknown, Probe  
  85  11:37  Shield Battery  
  87  11:42  Shield Battery  
  87  11:45  Probe  
  87  11:48  Probe  
  88  11:54  Dark Templar x2  
  92  12:02  Assimilator  
  92  12:06  Assimilator  
  92  12:09  Photon Cannon  
  92  12:10  Photon Cannon  
  92  12:15  Probe  
  93  12:19  Photon Cannon  
  93  12:22  Dark Templar x2  
  95  12:27  Probe  
  98  12:33  Extended Thermal Lance (Chrono Boost)  
  98  12:37  Protoss Ground Weapons Level 1  
  98  12:42  Colossus  
  98  12:51  Protoss Ground Armor Level 1  
  72  13:11  Protoss Air Weapons Level 2  
  72  13:12  Protoss Air Armor Level 2  
  72  13:24  Dark Templar x3  
  72  13:25  Dark Templar x2  
  82  13:31  Tempest x2  
  90  13:38  Archon x2  
  90  13:41  Archon x2  
  90  14:05  Gravitic Boosters (Chrono Boost)  
  90  14:06  Nexus  
  90  14:13  Archon  
  90  14:14  Colossus (Chrono Boost)  
  90  14:24  Dark Templar x5  
  106  14:33  Assimilator  
  106  14:37  Assimilator, Tempest  
  106  14:46  Tempest x2 (Chrono Boost)  
  84  15:29  Void Ray (Chrono Boost)  
  84  15:30  Void Ray (Chrono Boost)  
  84  15:31  Carrier (Chrono Boost)  
  84  15:33  Anion Pulse-Crystals (Chrono Boost)  
  85  15:57  Carrier  
  85  16:00  Pylon  
  85  16:01  Pylon  
  79  16:37  Photon Cannon  
  79  16:39  Photon Cannon  
  79  16:40  Probe (Chrono Boost), Shield Battery  
  79  16:42  Shield Battery  
  79  16:43  Pylon  
  79  16:45  Carrier x2  
  92  16:48  Colossus (Chrono Boost)  
  92  16:50  Probe (Chrono Boost)  
  99  16:56  Probe (Chrono Boost)  
  99  16:59  Probe (Chrono Boost)  
  101  17:05  Probe (Chrono Boost)  
  101  17:06  Probe (Chrono Boost)  
  103  17:13  Probe (Chrono Boost)  
  103  17:15  Probe (Chrono Boost)  
  106  17:16  Probe (Chrono Boost)  
  106  17:19  Probe (Chrono Boost)  
  106  17:21  Phoenix  
  109  17:24  Probe (Chrono Boost)  
  111  17:31  Probe (Chrono Boost)  
  111  17:34  Probe (Chrono Boost)  
  112  17:38  Protoss Ground Weapons Level 2  
  112  17:39  Probe (Chrono Boost)  
  112  17:42  Probe (Chrono Boost)  
  114  17:45  Probe (Chrono Boost)  
  114  17:48  Probe (Chrono Boost)  
  116  17:53  Immortal (Chrono Boost)  
  116  17:55  Probe (Chrono Boost)  
  121  18:00  Probe (Chrono Boost)  
  121  18:02  Stalker  
  94  18:06  Stalker  
  94  18:11  Protoss Ground Armor Level 2  
  94  18:12  Probe  
  69  18:15  Stalker  
  39  18:38  Immortal  
  43  19:09  Robotics Facility  
  43  19:10  Robotics Facility  
  43  19:17  Immortal  
  47  19:53  Immortal x3  
  47  19:54  Protoss Ground Weapons Level 3  
  59  20:32  Immortal x3  
  71  20:52  Nexus  
  71  20:56  Nexus, Assimilator  
  71  20:57  Pylon  
  71  20:58  Pylon x2  
  71  20:59  Photon Cannon, Assimilator  
  71  21:02  Pylon  
  71  21:03  Photon Cannon  
  71  21:05  Immortal x2  
  71  21:11  Observer  
  80  21:24  Observer  
  81  21:36  Observer  
  81  21:40  Immortal x2  
  90  21:55  Immortal  
Show
View Real Time Build Order
Export as new Build Order

Light Protoss 

Build Orders: Carriers 

Get SALT Encoding   

  8  0:06  Probe  
  9  0:31  Probe  
  10  0:41  Pylon  
  10  0:43  Probe  
  11  1:13  Probe  
  11  1:16  Assimilator  
  12  1:24  Gateway  
  12  1:25  Probe  
  13  1:37  Probe  
  14  1:51  Probe  
  15  1:58  Nexus  
  15  2:08  Pylon  
  15  2:09  Probe  
  16  2:21  Probe  
  17  2:33  Probe  
  18  2:37  Assimilator  
  18  2:41  Cybernetics Core  
  18  2:45  Probe  
  19  2:57  Probe (Chrono Boost)  
  20  3:09  Probe (Chrono Boost)  
  22  3:14  Probe x2 (Chrono Boost)  
  23  3:23  Probe (Chrono Boost)  
  25  3:29  Probe (Chrono Boost)  
  25  3:31  Stargate  
  25  3:32  Stargate  
  26  3:34  Probe (Chrono Boost)  
  26  3:37  Pylon  
  26  3:38  Probe (Chrono Boost)  
  27  3:45  Probe (Chrono Boost)  
  27  3:46  Assimilator  
  29  3:54  Probe (Chrono Boost)  
  30  3:56  Probe (Chrono Boost)  
  30  4:01  Probe x2 (Chrono Boost)  
  32  4:12  Probe (Chrono Boost)  
  34  4:18  Probe (Chrono Boost)  
  34  4:19  Assimilator  
  34  4:20  Probe (Chrono Boost)  
  34  4:23  Void Ray  
  39  4:25  Probe (Chrono Boost)  
  39  4:26  Probe  
  41  4:44  Void Ray  
  45  4:47  Probe (Chrono Boost)  
  47  4:53  Probe (Chrono Boost)  
  47  4:57  Probe (Chrono Boost)  
  49  5:01  Probe (Chrono Boost)  
  49  5:02  Probe (Chrono Boost)  
  49  5:03  Pylon  
  50  5:07  Pylon  
  50  5:11  Pylon  
  50  5:21  Void Ray  
  56  5:23  Probe x2 (Chrono Boost)  
  56  5:27  Void Ray  
  56  5:28  Probe x2 (Chrono Boost)  
  62  5:37  Probe  
  63  6:03  Probe x2 (Chrono Boost)  
  63  6:04  Void Ray  
  69  6:09  Protoss Air Weapons Level 1  
  69  6:10  Void Ray  
  73  6:13  Probe (Chrono Boost)  
  73  6:15  Fleet Beacon  
  73  6:17  Forge  
  74  6:18  Pylon  
  74  6:21  Pylon  
  74  6:25  Pylon  
  74  6:36  Probe x2  
  76  6:40  Pylon  
  76  6:42  Pylon  
  76  6:45  Pylon  
  76  6:49  Probe x2  
  76  6:50  Stargate  
  76  6:51  Pylon  
  78  6:55  Stargate, Pylon  
  78  6:57  Pylon  
  78  7:01  Probe x2  
  80  7:13  Probe  
  77  7:40  Probe  
  77  7:41  Probe  
  75  7:50  Void Ray x2  
  75  7:51  Void Ray x2  
  91  7:53  Probe (Chrono Boost)  
  91  7:54  Probe (Chrono Boost)  
  93  8:07  Nexus  
  93  8:08  Protoss Shields Level 1  
  93  8:10  Pylon  
  93  8:12  Pylon  
  93  8:14  Cybernetics Core  
  93  8:15  Pylon  
  93  8:18  Photon Cannon  
  93  8:22  Photon Cannon  
  93  8:26  Photon Cannon  
  93  8:33  Photon Cannon, Void Ray x2  
  101  8:36  Photon Cannon  
  101  8:39  Photon Cannon  
  101  8:45  Warp Gate  
  101  8:52  Protoss Air Weapons Level 2  
  101  8:55  Void Ray  
  105  8:57  Void Ray  
  109  9:07  Flux Vanes  
  109  9:23  Photon Cannon  
  109  9:25  Photon Cannon  
  109  9:28  Photon Cannon  
  109  9:30  Photon Cannon  
  93  9:32  Shield Battery  
  93  9:34  Pylon  
  93  9:37  Carrier  
  83  9:41  Assimilator  
  83  9:44  Assimilator  
  83  9:57  Carrier  
  89  10:21  Pylon  
  89  10:25  Protoss Air Armor Level 1  
  89  10:38  Gateway  
  89  10:40  Gateway  
  89  10:42  Gateway  
  89  10:43  Gateway  
  89  10:46  Probe x2 (Chrono Boost)  
  89  10:47  Probe (Chrono Boost)  
  92  10:56  Carrier x2  
  107  10:57  Probe x2 (Chrono Boost)  
  107  10:58  Probe (Chrono Boost)  
  107  11:01  Tempest, Probe x2 (Chrono Boost)  
  107  11:02  Probe (Chrono Boost), Nexus  
  113  11:09  Tempest  
  118  11:11  Probe  
  118  11:12  Nexus  
  119  11:21  Twilight Council  
  119  11:39  Probe x2 (Chrono Boost)  
  122  11:40  Probe (Chrono Boost)  
  122  11:49  Probe x2 (Chrono Boost)  
  122  11:50  Probe (Chrono Boost)  
  122  11:51  Stalker x3  
  122  11:52  Stalker x2  
  134  11:54  Probe x3 (Chrono Boost)  
  134  11:59  Protoss Shields Level 2  
  137  12:04  Tempest  
  137  12:05  Probe x3  
  137  12:06  Void Ray  
  148  12:17  Probe  
  148  12:19  Pylon  
  148  12:20  Stalker  
  148  12:21  Stalker  
  148  12:22  Pylon, Stalker x3  
  140  12:53  Stalker x4  
  140  12:54  Stalker  
  140  12:56  Carrier  
  148  13:18  Nexus  
  148  13:27  Nexus  
  148  13:30  Carrier x2  
  148  13:32  Pylon  
  148  13:33  Pylon  
  160  13:35  Protoss Air Weapons Level 3  
  160  13:42  Protoss Air Armor Level 2  
  160  13:44  Pylon  
  160  13:48  Pylon  
  160  14:09  Photon Cannon  
  160  14:10  Photon Cannon  
  160  14:13  Photon Cannon  
  160  14:15  Photon Cannon  
  160  14:16  Shield Battery  
  160  14:18  Pylon, Probe x3  
  160  14:21  Assimilator  
  160  14:24  Protoss Ground Weapons Level 1  
  163  14:25  Assimilator  
  163  14:29  Photon Cannon  
  163  14:30  Probe x3  
  166  14:42  Probe x3  
  149  14:59  Stalker x4  
  151  15:04  Assimilator  
  151  15:06  Assimilator  
  151  15:08  Pylon  
  151  15:11  Pylon  
  151  15:14  Pylon  
  147  15:17  Pylon  
  147  15:20  Pylon  
  155  15:37  Mothership (Chrono Boost)  
  155  15:59  Photon Cannon  
  155  16:01  Photon Cannon, Pylon  
  155  16:02  Stalker x5, Photon Cannon x2  
  155  16:03  Shield Battery x2  
  165  16:05  Carrier x3, Pylon  
  165  16:06  Photon Cannon  
  165  16:09  Protoss Air Armor Level 3  
  183  16:12  Blink  
  183  16:16  Protoss Shields Level 3  
  183  16:45  Zealot x5  
  191  16:58  Carrier  
  195  17:57  Nexus  
  195  18:00  Pylon  
  195  18:02  Pylon x2  
  195  18:06  Assimilator x2  
  195  18:13  Charge  
  165  18:52  Protoss Ground Armor Level 1 (Chrono Boost)  
  165  18:55  Carrier x3 (Chrono Boost), Zealot x5  
  155  18:56  Carrier (Chrono Boost)  
  125  19:22  Zealot x5  
  120  19:41  Stalker x3  
  120  19:42  Stalker x2  
  130  19:49  Carrier x2 (Chrono Boost)  
  130  19:50  Carrier x2 (Chrono Boost)  
  154  20:22  Stalker x5  
  164  20:39  Carrier (Chrono Boost)  
  164  20:40  Carrier x3 (Chrono Boost)  
  188  20:52  Protoss Ground Weapons Level 2 (Chrono Boost)  
  188  21:09  Photon Cannon  
  188  21:13  Photon Cannon  
  188  21:14  Photon Cannon  
  188  21:40  Carrier  
  188  21:41  Carrier  
  200  22:00  Nexus  
  200  22:04  Pylon  
  200  22:06  Pylon  
  200  22:09  Pylon  
  112  22:45  Zealot  
  112  22:46  Zealot x4  
Show
View Real Time Build Order
Export as new Build Order

Alexandre Terran - Winner!

Build Orders:  

Get SALT Encoding   

  8  0:16  SCV  
  9  0:28  SCV  
  10  0:39  Supply Depot  
  10  0:40  SCV  
  11  0:58  SCV  
  12  1:11  SCV  
  13  1:30  Command Center  
  13  1:41  Barracks  
  13  1:44  SCV  
  14  2:29  Marine  
  15  2:33  Refinery  
  15  2:34  Refinery  
  15  2:47  Marine  
  15  3:05  Marine  
  16  3:07  Barracks  
  16  3:23  Marine  
  17  3:38  Supply Depot  
  17  3:40  Marine  
  18  3:57  Marine  
  18  3:58  Marine  
  20  4:15  Marine, SCV  
  20  4:16  SCV, Marine  
  24  4:28  SCV  
  25  4:34  Marine  
  25  4:37  SCV  
  27  4:41  Barracks Reactor  
  27  4:44  Factory  
  27  4:47  SCV  
  28  5:00  SCV x2  
  30  5:26  Barracks Reactor  
  30  5:28  Factory Tech Lab  
  30  5:31  Starport  
  30  5:34  Starport  
  30  5:35  SCV x2  
  32  5:46  Supply Depot  
  32  5:48  SCV  
  33  6:01  Supply Depot  
  33  6:09  Viking  
  35  6:29  Viking x2  
  35  6:30  Viking  
  41  6:39  Orbital Command  
  41  6:42  SCV  
  42  6:54  Medivac  
  42  6:59  Viking  
  46  7:07  SCV x2  
  48  7:13  Viking  
  50  8:11  Supply Depot  
  50  8:13  Marine x2, Viking x2, SCV  
  50  8:14  Supply Depot  
  50  8:15  Supply Depot  
  50  8:17  Orbital Command  
  57  8:32  Viking  
  59  8:42  Viking  
  61  8:55  Viking x2  
  63  9:01  SCV x2  
  63  9:02  Refinery  
  67  9:04  Refinery  
  67  9:20  Viking x2  
  67  9:23  Command Center  
  71  9:24  Refinery  
  71  9:27  Refinery  
  61  9:40  Viking x2  
  61  9:43  SCV x2  
  67  9:49  Marine x2  
  69  9:55  SCV x2  
  71  10:07  Marine x2, SCV  
  71  10:08  SCV  
  75  10:15  Starport  
  75  10:19  SCV  
  75  10:20  Supply Depot, SCV  
  77  10:31  SCV  
  77  10:33  SCV  
  79  10:42  Orbital Command  
  79  10:43  SCV  
  79  10:44  Viking  
  79  10:45  SCV  
  79  10:46  Viking  
  85  10:53  Starport Reactor  
  85  10:55  Armory, SCV  
  86  10:57  SCV  
  86  11:00  Engineering Bay  
  87  11:06  Viking x2  
  91  11:21  Cyclone  
  94  11:26  SCV x2  
  94  11:27  SCV  
  97  11:43  Sensor Tower  
  97  11:50  Viking x3  
  103  11:56  Viking x2, Cyclone  
  103  11:57  Viking  
  103  11:59  Supply Depot  
  103  12:00  Supply Depot  
  112  12:01  Supply Depot  
  112  12:20  Viking  
  88  12:56  Viking x6  
  84  13:16  SCV x3  
  87  13:21  Thor  
  87  13:24  Terran Vehicle And Ship Armor Level 1  
  93  13:28  SCV  
  93  13:30  Factory  
  93  13:31  Starport  
  94  13:46  SCV x3  
  97  13:58  SCV  
  97  14:00  Viking x4  
  97  14:01  Viking x2  
  110  14:04  Thor  
  116  14:15  Factory Tech Lab  
  116  14:20  Starport Reactor  
  116  14:29  Refinery  
  116  14:30  Refinery  
  116  14:33  Viking x5  
  116  14:36  Sensor Tower  
  116  14:37  Sensor Tower  
  126  14:47  Thor  
  87  15:21  Viking x5  
  85  15:22  Viking x3  
  99  15:38  Command Center  
  99  15:53  Viking  
  99  15:54  Viking x6  
  99  15:56  Sensor Tower  
  113  16:05  Viking  
  113  16:09  Thor  
  121  16:14  Cyclone, Sensor Tower  
  124  16:29  Viking x2  
  124  16:30  Viking  
  124  16:32  SCV x2  
  131  16:58  Terran Vehicle And Ship Armor Level 2  
  131  17:00  Thor  
  137  17:01  Cyclone  
  140  17:20  Orbital Command  
  140  17:22  Viking x4  
  146  17:23  Marine x2  
  150  17:40  Mag-Field Accelerator  
  150  17:41  Marine x2  
  151  17:59  Marine x2  
  151  18:02  Thor  
  137  18:17  Marine x2  
  139  18:26  Viking x3  
  139  18:27  Viking x3  
  149  18:35  Marine x2  
  87  18:52  Marine  
  87  18:53  Marine  
  87  18:54  Viking x2  
  91  18:56  Viking x2  
  95  19:10  Marine x2  
  95  19:15  Terran Vehicle And Ship Armor Level 3  
  97  19:18  Armory  
  97  19:28  Marine x2  
  99  19:36  Thor x2  
  99  19:37  Refinery  
  111  19:38  Viking x3, Command Center  
  111  19:39  Viking x4  
  111  19:42  Refinery  
  125  20:19  Thor  
  131  20:26  Thor  
  137  20:34  Terran Vehicle Weapons Level 1  
  137  20:45  Viking  
  137  20:46  Viking x6  
  137  20:47  Viking  
  153  20:51  Marine x2  
  153  20:55  Armory  
  155  21:08  Thor  
  155  21:09  Marine x2  
  163  21:14  Thor  
  169  21:34  Supply Depot x3  
  169  21:36  Supply Depot  
  169  21:37  Supply Depot  
  169  21:55  Marine x2  
  169  21:57  Sensor Tower  
  171  22:02  Viking x5  
  171  22:03  Viking  
  183  22:13  Marine x2  
  185  22:31  Marine x2  
  185  22:32  Viking x2  
  175  22:49  Marine x2  
Show
View Real Time Build Order
Export as new Build Order

cute Protoss - Winner!

Build Orders:  

Get SALT Encoding   

  8  0:02  Probe (Chrono Boost)  
  10  0:14  Probe (Chrono Boost)  
  10  0:22  Probe (Chrono Boost)  
  10  0:28  Assimilator  
  11  0:30  Probe  
  12  0:42  Probe  
  13  0:46  Pylon  
  13  1:04  Probe (Chrono Boost)  
  14  1:09  Gateway  
  14  1:16  Probe (Chrono Boost)  
  15  1:22  Probe (Chrono Boost)  
  16  1:32  Probe  
  17  1:44  Probe  
  18  1:51  Gateway  
  18  1:54  Pylon  
  18  1:57  Probe  
  19  2:14  Forge  
  19  2:17  Assimilator  
  19  2:18  Probe  
  20  2:28  Zealot (Chrono Boost)  
  22  2:41  Probe  
  23  2:48  Photon Cannon  
  23  2:53  Probe  
  23  2:57  Photon Cannon  
  24  3:00  Cybernetics Core  
  24  3:06  Cybernetics Core  
  24  3:40  Robotics Facility  
  24  3:42  Robotics Facility  
  24  3:46  Warp Gate  
  24  3:48  Probe  
  25  4:00  Probe  
  25  4:02  Pylon  
  26  4:12  Probe  
  27  4:17  Gateway  
  27  4:19  Gateway  
  27  4:25  Probe  
  27  4:27  Observer  
  29  4:31  Observer  
  29  4:37  Nexus  
  30  4:40  Probe (Chrono Boost)  
  31  4:49  Observer  
  31  4:50  Probe (Chrono Boost)  
  31  4:52  Observer  
  34  4:56  Probe (Chrono Boost)  
  35  5:06  Pylon  
  35  5:07  Pylon, Probe  
  35  5:09  Observer  
  37  5:24  Observer, Probe (Chrono Boost), Pylon  
  37  5:25  Protoss Ground Weapons Level 1 (Chrono Boost)  
  37  5:27  Pylon  
  40  5:35  Probe (Chrono Boost)  
  40  5:39  Pylon  
  40  5:40  Probe (Chrono Boost)  
  41  5:49  Photon Cannon  
  41  5:51  Probe  
  41  5:54  Probe  
  43  6:10  Probe x2  
  45  6:18  Gateway x2  
  45  6:22  Probe  
  46  6:28  Stalker x2  
  46  6:30  Probe  
  51  6:34  Probe  
  51  6:38  Twilight Council  
  52  6:42  Observer  
  52  6:45  Observer  
  54  6:54  Assimilator  
  54  6:58  Probe, Assimilator  
  54  7:01  Probe  
  56  7:04  Nexus  
  55  7:19  Stalker x2  
  58  7:41  Photon Cannon  
  58  7:42  Probe  
  58  7:43  Photon Cannon  
  59  7:55  Pylon  
  59  7:59  Observer  
  60  8:06  Zealot x3  
  66  8:15  Probe x2  
  68  8:22  Protoss Ground Armor Level 1 (Chrono Boost)  
  68  8:25  Pylon  
  68  8:27  Blink (Chrono Boost), Probe x2  
  68  8:29  Probe  
  71  8:39  Probe x2 (Chrono Boost)  
  73  8:43  Assimilator  
  73  8:44  Probe (Chrono Boost)  
  73  8:45  Assimilator  
  74  8:51  Probe (Chrono Boost)  
  76  8:57  Probe (Chrono Boost)  
  76  9:00  Probe (Chrono Boost)  
  76  9:01  Stalker x2  
  76  9:02  Stalker x2  
  85  9:05  Probe  
  86  9:18  Probe  
  86  9:22  Probe  
  86  9:23  Probe  
  89  9:30  Probe  
  90  9:39  Stalker  
  90  9:40  Stalker x4  
  90  9:43  Gateway  
  90  9:45  Gateway  
  100  9:48  Gateway  
  100  9:49  Gateway  
  100  9:52  Pylon  
  100  9:55  Pylon  
  100  10:00  Pylon  
  100  10:08  Observer  
  101  10:14  Protoss Ground Weapons Level 2 (Chrono Boost), Zealot x3  
  101  10:19  Probe  
  101  10:20  Probe x2  
  110  10:32  Probe x3, Templar Archives  
  113  10:44  Probe  
  114  10:53  Shield Battery  
  114  10:54  Shield Battery  
  114  10:55  Shield Battery  
  114  10:59  Nexus  
  114  11:01  Psionic Storm  
  114  11:03  Forge  
  114  11:07  Charge (Chrono Boost)  
  114  11:08  Zealot x3  
  114  11:09  Zealot x6  
  132  11:28  Observer  
  133  11:33  Observer  
  134  11:51  Protoss Ground Armor Level 2 (Chrono Boost)  
  134  12:10  Dark Shrine  
  134  12:14  Pylon  
  135  12:15  Probe x2, Pylon  
  135  12:16  Probe x2  
  135  12:18  Pylon  
  138  12:27  Probe  
  138  12:28  Zealot x2  
  138  12:29  Zealot x2  
  147  12:33  Zealot x3  
  147  12:34  Zealot x2  
  124  12:51  Protoss Ground Weapons Level 3 (Chrono Boost)  
  124  12:52  Stalker x4  
  124  12:53  Stalker  
  112  13:09  Stalker x4  
  112  13:10  Stalker  
  112  13:12  Assimilator  
  118  13:16  Assimilator  
  118  13:21  Shield Battery  
  118  13:22  Shield Battery  
  118  13:24  Shield Battery  
  118  13:25  Shield Battery  
  118  13:26  Shield Battery  
  118  13:29  High Templar x3  
  118  13:30  High Templar x2  
  128  13:40  Archon  
  128  13:41  Archon  
  128  13:42  High Templar  
  128  13:43  High Templar x4  
  128  13:47  Archon  
  128  13:48  Archon x2  
  138  13:54  Probe x4  
  123  14:04  Stalker  
  123  14:05  Stalker x2  
  123  14:06  Stalker x2  
  133  14:11  Protoss Ground Armor Level 3 (Chrono Boost)  
  133  14:14  Pylon  
  133  14:15  Pylon  
  133  14:28  Stalker x4  
  133  14:29  Stalker x3  
  133  14:30  Stalker  
  131  14:57  Dark Templar x6  
  131  14:58  Dark Templar x3  
  97  15:23  Zealot  
  99  15:32  Stalker x2  
  99  15:33  Stalker x5  
  99  15:34  Stalker x2  
  109  15:49  Stalker  
  111  15:56  Zealot  
  111  15:57  Zealot x4  
  109  15:58  Zealot x3  
  109  15:59  Zealot  
  107  16:22  Stalker x4  
  107  16:23  Stalker x4  
  107  16:24  Stalker x2  
  103  16:39  Gateway  
  103  16:40  Gateway  
  103  16:42  Gateway  
  103  16:45  Stalker x4  
  103  16:46  Stalker x4  
  119  16:47  Stalker x2  
  119  16:50  Protoss Shields Level 1 (Chrono Boost)  
  123  17:10  Sentry x3  
  123  17:12  Stalker x4  
  123  17:13  Stalker x3  
  143  17:30  Nexus  
  143  17:32  Assimilator  
  143  17:33  Assimilator  
  143  17:36  Pylon  
  143  17:37  Pylon x2  
  143  17:58  Stalker x4  
  147  17:59  Stalker x3  
  141  18:25  Stalker x2  
  141  18:26  Stalker x6  
  156  18:30  Shield Battery  
  156  18:32  Shield Battery  
  147  18:35  Shield Battery  
  147  18:37  Shield Battery  
  147  18:38  Shield Battery  
  125  18:56  Zealot x3  
  125  18:57  Zealot x4  
  125  18:58  Zealot  
  117  19:32  Probe x3  
  120  19:44  Probe x2  
  122  19:51  Stalker x4  
  122  19:52  Stalker x3  
  136  19:53  Stalker  
  138  20:10  Nexus  
  138  20:19  Nexus  
  138  20:32  High Templar x2  
  142  20:39  Pylon  
  142  20:40  Pylon  
  142  20:41  Pylon  
  142  20:42  Pylon  
  142  20:45  Assimilator  
  142  20:48  Assimilator  
  142  20:50  Assimilator  
  142  20:51  Archon  
  142  20:53  Assimilator  
  142  21:05  High Templar x3  
  142  21:06  High Templar x6  
  142  21:10  Archon  
  160  21:12  Archon x2  
  160  21:13  Archon  
  160  21:25  Stalker x2  
  163  21:35  Probe x5  
  168  21:45  Sentry x2  
  168  21:46  Sentry  
  168  21:47  Probe, Stalker x2  
  175  21:48  Stalker  
  98  22:44  Zealot x4  
  98  22:45  Zealot x5  
  98  22:46  Zealot x2  
  98  22:49  Probe x2  
  98  22:50  Probe x3  
  113  23:11  Pylon  
  113  23:12  Pylon  
Tags
 
Add a new tag
Caveats
  • Supply blocks, unpowered buildings, or Contaminate may cause inaccurate times.
  • Supply counts are checked every 10 seconds.